 Dungeon Crawl Stone Soup version 0.31-a0-986-g5e6e4ef867 (webtiles) character file.

Game seed: 17313886162109571365

47546 Dirtsage the Carver (level 14, -1/108 HPs)
             Began as a Demonspawn Fighter on Nov 2, 2023.
             Was the Champion of Wu Jian.
             Shot with a bolt by an orc warrior (11 damage)
             ... while paralysed by an orc sorcerer
             ... on level 1 of the Orcish Mines on Nov 3, 2023.
             The game lasted 00:46:01 (17629 turns).

Dirtsage the Carver (Demonspawn Fighter)           Turns: 17629, Time: 00:46:02

Health: -1/108     AC: 14    Str: 19    XL:     14   Next: 9%
Magic:  13/14      EV:  2    Int:  9    God:    Wu Jian [******]
Gold:   1311       SH:  0    Dex: 16    Spells: 11/13 levels left

rFire   + . .        T - +3 scimitar (flame)
rCold   + . .        c - +0 buckler
rNeg    . . .        b - +0 scale mail
rPois   +            (no helmet)
rElec   .            r - scarf {rC+ rF+}
rCorr   .            a - +0 pair of gloves
SInv    .            s - +1 pair of boots
Will    +....        z - amulet of reflection Stlth
                     C - +5 ring of evasion
HPRegen 0.38/turn    P - ring of poison resistance
MPRegen 0.14/turn

%: reflection
@: paralysed, wereblooded, studying Polearms
A: icemail 1, powered by death 1, sharp scales 2, condensation shield, weakness
stinger 2
a: Renounce Religion, Wall Jump, Serpent's Lash, Heavenly Storm


You were on level 1 of the Orcish Mines.
You worshipped Wu Jian.
Wu Jian was exalted by your worship.
You visited 4 branches of the dungeon, and saw 18 of its levels.
You also visited: Ossuary.

You collected 1434 gold pieces.
You spent 123 gold pieces at shops.

Inventory:

Hand Weapons
 I - a +5 scimitar
 T - a +3 scimitar of flaming (weapon)
Missiles
 v - a throwing net
 A - 4 curare-tipped darts
Armour
 a - a +0 pair of gloves (worn)
 b - a +0 scale mail (worn)
 c - a +0 buckler (worn)
 r - a scarf of resistance (worn)
 s - a +1 pair of boots (worn)
Jewellery
 z - an amulet of reflection (around neck)
 C - a +5 ring of evasion (left hand)
 M - a ring of flight
 P - a ring of poison resistance (right hand)
 W - a ring of wizardry
Wands
 m - a wand of polymorph (6)
 y - a wand of paralysis (14)
 D - a wand of digging (3)
 J - a wand of mindburst (23)
 L - a wand of flame (41)
 X - a wand of iceblast (17)
Scrolls
 e - 5 scrolls of enchant armour
 g - 2 scrolls of fear
 i - 3 scrolls of revelation
 k - a scroll of butterflies
 o - 5 scrolls of enchant weapon
 t - a scroll of teleportation
 u - a scroll of fog
 x - 2 scrolls of torment
 B - 2 scrolls of blinking
 H - 3 scrolls of vulnerability
 N - 2 scrolls of immolation
 O - a scroll of noise
 Q - 2 scrolls of poison
 R - 3 scrolls of amnesia
 V - 2 scrolls of brand weapon
 Z - a scroll of silence
Potions
 d - 5 potions of might
 f - 2 potions of lignification
 h - 3 potions of haste
 j - 5 potions of brilliance
 l - 2 potions of heal wounds
 n - 2 potions of resistance
 p - a potion of attraction {unknown}
 q - 9 potions of curing
 E - 2 potions of enlightenment
 F - a potion of magic {unknown}
 G - 4 potions of berserk rage
 K - a potion of mutation {unknown}
 S - 2 potions of invisibility
 Y - 2 potions of ambrosia {unknown}
Miscellaneous
 w - a sack of spiders


   Skills:
 + Level 9.3 Fighting
 + Level 13.9 Long Blades
 + Level 8.5 Armour
 + Level 7.8 Dodging
 + Level 8.3 Shields
 + Level 5.4 Transmutations
 + Level 8.4 Evocations


You had 11 spell levels left.
You knew the following spells:

 Your Spells              Type           Power      Damage    Failure   Level
a - Wereblood             Tmut           9%         N/A       21%         2

Your spell library contained the following spells:

 Spells                   Type           Power      Damage    Failure   Level
 Necrotise                Necr           0%         1d4       77%         1
 Static Discharge         Conj/Air       0%         3-3/arc   88%         2
 Ignite Poison            Fire/Tmut/Pois 3%         N/A       88%         3
 Gell's Gravitas          Tloc           0%         N/A       98%         3
 Teleport Other           Tloc           0%         N/A       98%         3
 Vampiric Draining        Necr           0%         2d6       98%         3
 Airstrike                Air            0%         2d(0-16)  100%        4
 Sticky Flame             Conj/Fire      0%         2d3       100%        4
 Summon Lightning Spire   Summ/Air       0%         N/A       100%        4
 Agony                    Necr           0%         N/A       100%        5
 Irradiate                Conj/Tmut      2%         3d12      100%        5
 Dispersal                Tloc           0%         N/A       100%        6
 Simulacrum               Ice/Necr       0%         N/A       100%        6
 Ozocubu's Refrigeration  Ice            0%         4d7       100%        7
 Ignition                 Fire           0%         3d3       100%        8
 Polar Vortex             Ice            0%         N/A       100%        9


Dungeon Overview and Level Annotations

Branches:
Dungeon (11/15)            Temple (1/1) D:5            Lair (5/5) D:11
  Swamp (0/4) Lair:3       Spider (0/4) Lair:2        Slime (0/5) Lair:4
    Orc (1/2) D:9         Ossuary (visited)

Altars:
Ashenzari
Cheibriados
Dithmenos
Fedhas
Gozag
Hepliaklqana
Kikubaaqudgha
Makhleb
Nemelex Xobeh
Okawaru
Qazlal
Ru
Sif Muna
Trog
Uskayaw
Vehumet
Wu Jian
Xom
Yredelemnul
Jiyva
Lugonu

Shops:
D:1 *   D:5 *=*   D:11 (

Annotations:
D:4 3 runed translucent doors, BigGoblinEnergy's ghost, weakling HOFi; Nebesus's ghost, amateur AtFi; anoamas321's ghost, amateur FeSu; jt's ghost, amateur NaEn


Innate Abilities, Weirdness & Mutations

A meltable icy envelope protects you from harm. (AC +0)
You regenerate a little health from kills.
You are mostly covered in razor-sharp scales. (AC +2, Slay +2)
A meltable shield of frost defends you. (SH +0)
You have a tail ending in a sharp stinger.


Message History

The orc knight shouts!
The orc shouts!
You slice the orc sorcerer!! You burn the orc sorcerer.
Your tail-slap misses the orc sorcerer.
The orc sorcerer is severely wounded.
An orc comes into view. It is wielding a +0 club.
The orc sorcerer yells noisily.
The orc sorcerer points at you and mumbles some strange words.
You suddenly lose the ability to move!
The sixfirhy hits you. The sixfirhy shocks you!
The sixfirhy hits you but does no damage. x2
The sixfirhy barely misses you.
The orc sorcerer hits you but does no damage.
An orc warrior comes into view. It is wielding a +0 battleaxe.
The orc knight roars a battlecry!
The orcs go into a battle-frenzy!
The sixfirhy hits you but does no damage.
The orc warrior shoots a bolt.
The bolt hits you!
Your icy defences dissipate!
The bolt burns you.
You howl as the wereblood boils in your veins!
The orc warrior shouts!
The sixfirhy hits you. The sixfirhy shocks you!
The orc hits you with a +0 mace. The orc hits you with a +0 club!
The orc warrior shoots a bolt.
The bolt hits you. The bolt burns you. The orc barely misses you.
The orc sorcerer casts a spell at you. The bolt of fire hits you! You resist.
The bolt of fire hits the orc!
The orc dies!
The orc warrior shoots a bolt.
The bolt hits you! The sixfirhy hits you!
* * * LOW HITPOINT WARNING * * *
The sixfirhy shocks you!
* * * LOW HITPOINT WARNING * * *
The orc hits you but does no damage. The orc hits you with a +0 mace.
* * * LOW HITPOINT WARNING * * *
The orc warrior hits you but does no damage.
The orc sorcerer hits you with a +0 dagger.
* * * LOW HITPOINT WARNING * * *
The orc warrior shoots a bolt.
The bolt hits you!
You die...

...# ...#######
...##.##.#####
#..........#.######### #
##.##.##.......##.#..#.#.
.#.##..###.#......).....#
#.......######...o#......
.#.##..## ##..o.......
....#### #o@o.......
.#.## #....o3o.......
.### ##...oooo...... ..#
#.....oo....... .##
#..#...o....... .##
#............... ..#
##.#.......#...# .## #
##.....>...# .#


You could see an orc knight, a sixfirhy (summoned), an orc sorcerer (strong), 3
orc warriors and 8 orcs.

Vanquished Creatures
  Kirke (Lair:5)
  Nessos (Lair:5)
  A dire elephant (Lair:5)
  3 hydras
  Erica (D:8)
  2 boulder beetles
  A two-headed ogre (D:11)
  6 death yaks
  A spectral anaconda (Lair:5)
  A skyshark (Lair:2)
  A spectral death yak (Lair:5)
  A swamp dragon (Lair:3)
  An obsidian statue (Lair:5)
  3 necromancers (Lair:5)
  An ugly thing (D:11)
  An orc knight (Orc:1)
  An orc sorcerer (Orc:1)
  A dire elephant zombie (Lair:5)
  4 black mambas
  14 elephants (Lair:5)
  2 kobold demonologists (D:10)
  11 cane toads
  2 unseen horrors (D:11)
  8 komodo dragons
  A rime drake (Lair:1)
  A troll (D:11)
  4 hornets
  3 polar bears
  Prince Ribbit (D:5)
  A spectral elephant (Lair:5)
  8 dream sheep (Lair:5)
  8 blink frogs
  A slime creature (D:7)
  3 wyverns
  A shadow (D:10)
  3 basilisks
  2 dire elephant simulacra (Lair:5)
  30 yaks
  2 hogs (Lair:5)
  A wraith (D:11)
  A death yak simulacrum (Lair:5)
  2 wargs (Orc:1)
  A spectral cane toad (Lair:5)
  2 redbacks (Lair:2)
  12 water moccasins
  11 orc warriors
  An ice beast (D:5)
  2 black bears
  3 sky beasts
  3 elephant zombies (Lair:5)
  10 wolves (Lair:3)
  7 ogres
  An elephant skeleton (Lair:5)
  3 phantoms
  7 centaurs
  A kobold brigand (D:11)
  10 bullfrogs
  5 scorpions
  7 wights (D:7)
  11 killer bees
  An elephant simulacrum (Lair:5)
  4 howler monkeys
  5 hounds
  11 orc priests
  A gnoll bouda (D:7)
  8 jellies
  5 iguanas
  8 orc wizards
  4 sleepcaps
  4 mummies
  3 gnolls (D:7)
  3 adders
  A white imp (D:7)
  4 ufetubi (D:7)
  3 adder zombies (Ossuary)
  2 worms
  A dart slug (D:1)
  63 orcs
  4 bats
  8 endoplasms
  4 giant cockroaches
  5 goblins
  9 hobgoblins
  12 jackals
  7 quokkas
  9 ball pythons
  4 frilled lizards
  6 goblin zombies (Ossuary)
  A hobgoblin zombie (Ossuary)
  13 kobolds
  3 kobold zombies (Ossuary)
  3 quokka zombies (Ossuary)
  2 rats
  2 rat zombies (Ossuary)
462 creatures vanquished.

Vanquished Creatures (others)
  A spectral cane toad (Lair:5)
  An orc (Orc:1)
2 creatures vanquished.

Grand Total: 464 creatures vanquished

Notes
Turn   | Place    | Note
-------+----------+-------------------------------------------
     0 | D:1      | Dirtsage the Demonspawn Fighter began the quest for the
                  | Orb.
     0 | D:1      | Reached XP level 1. HP: 18/18 MP: 1/1
   143 | D:1      | Reached skill level 2 in Long Blades
   192 | D:1      | Gained mutation: You are partially covered in razor-sharp
                  | scales. (AC +1, Slay +1) [demonic ancestry]
   192 | D:1      | Reached XP level 2. HP: 19/24 MP: 2/2
   469 | D:1      | Found Fameodgh's Assorted Antiques.
   561 | D:1      | Reached skill level 3 in Long Blades
   575 | D:1      | Reached XP level 3. HP: 29/29 MP: 3/3
   998 | D:2      | Reached XP level 4. HP: 29/35 MP: 4/4
  1356 | D:3      | Reached skill level 4 in Long Blades
  1422 | D:3      | Found a basalt altar of Yredelemnul.
  1422 | D:3      | Noticed a scorpion
  1666 | D:3      | Found a faded altar of an unknown god.
  1760 | D:3      | Killed a scorpion
  1761 | D:3      | Reached XP level 5. HP: 41/41 MP: 5/5
  1989 | D:4      | Reached skill level 5 in Long Blades
  2275 | D:4      | Reached XP level 6. HP: 47/47 MP: 6/6
  2414 | D:4      | Found a runed translucent gate.
  2414 | D:4      | Found a runed translucent gate.
  2414 | D:4      | Found a runed translucent gate.
  2416 | D:4      | Noticed BigGoblinEnergy's ghost (weakling HOFi)
  2416 | D:4      | Noticed jt's ghost (amateur NaEn)
  2417 | D:4      | Noticed anoamas321's ghost (amateur FeSu)
  2417 | D:4      | Noticed Nebesus's ghost (amateur AtFi)
  2643 | D:4      | Reached skill level 6 in Long Blades
  2829 | D:5      | Entered Level 5 of the Dungeon
  2852 | D:5      | Noticed an ice beast
  2865 | D:5      | Killed an ice beast
  2871 | D:5      | Gained mutation: A meltable shield of frost defends you.
                  | (SH +0) [demonic ancestry]
  2871 | D:5      | Reached XP level 7. HP: 19/52 MP: 7/7
  2976 | D:5      | Reached skill level 7 in Long Blades
  3031 | D:5      | Found Korif's Assorted Antiques.
  3099 | D:5      | You fall into a shaft and drop 1 floor!
  3122 | D:5      | Noticed Prince Ribbit
  3144 | D:5      | Killed Prince Ribbit
  3145 | D:5      | Reached skill level 8 in Long Blades
  3305 | D:5      | Found Fattal Ajim's Jewellery Shop.
  3389 | D:5      | Found a staircase to the Ecumenical Temple.
  3419 | D:5      | Found a sand-covered staircase.
  3426 | D:5      | Reached XP level 8. HP: 58/58 MP: 8/8
  3430 | Ossuary  | Entered an ossuary
  3831 | Temple   | Entered the Ecumenical Temple
  3918 | Temple   | Became a worshipper of the Wu Jian Council
  4174 | D:5      | Reached skill level 9 in Long Blades
  4241 | D:5      | Found Zacvyw's General Store.
  4244 | D:5      | Bought a scroll of identify for 26 gold pieces
  4244 | D:5      | Bought a scroll of blinking for 97 gold pieces
  5100 | D:6      | Identified the +0 chain mail "Qicvomm" {MP+9 Int+3}
  5214 | D:6      | Reached skill level 10 in Long Blades
  5653 | D:7      | Reached * piety under Wu Jian
  5852 | D:7      | Gained mutation: You have a small tail. [demonic ancestry]
  5852 | D:7      | Reached XP level 9. HP: 63/63 MP: 9/9
  5899 | D:7      | Reached skill level 11 in Long Blades
  6019 | D:7      | Found a bloodstained altar of Trog.
  6427 | D:7      | Reached skill level 1 in Evocations
  6430 | D:7      | Reached skill level 1 in Dodging
  6454 | D:7      | Reached ** piety under Wu Jian
  6744 | D:8      | Reached XP level 10. HP: 72/72 MP: 10/10
  7284 | D:8      | Noticed Erica
  7295 | D:8      | Killed Erica
  7296 | D:8      | Reached skill level 12 in Long Blades
  7498 | D:8      | Found a shimmering altar of Xom.
  7498 | D:8      | Found a sparkling altar of Nemelex Xobeh.
  7768 | D:9      | Reached *** piety under Wu Jian
  7789 | D:9      | Found a staircase to the Orcish Mines.
  8034 | D:9      | Reached skill level 5 in Fighting
  8366 | D:9      | Found a radiant altar of Vehumet.
  8544 | D:10     | Entered Level 10 of the Dungeon
  8578 | D:10     | Identified the +7 dagger "Lumineal" {elec, rElec rPois
                  | Will+ Stlth+}
  8666 | D:10     | Found a corrupted altar of Lugonu.
  8700 | D:10     | Noticed a sun demon
  8921 | D:10     | Noticed a sixfirhy
  8927 | D:10     | Noticed a rust devil
  9102 | D:10     | Reached skill level 5 in Armour
  9233 | D:10     | Reached skill level 5 in Shields
  9243 | D:10     | Gained mutation: You regenerate a little health from kills.
                  | [demonic ancestry]
  9243 | D:10     | Reached XP level 11. HP: 40/80 MP: 11/11
  9697 | D:11     | Noticed a two-headed ogre
  9699 | D:11     | Killed a two-headed ogre
  9909 | D:11     | Found Agisk's Weapon Shoppe.
  9926 | D:11     | Noticed a purple ugly thing
  9952 | D:11     | Killed a purple ugly thing
 10085 | D:11     | Noticed a death yak
 10087 | D:11     | Found a staircase to the Lair.
 10441 | D:11     | Reached **** piety under Wu Jian
 10476 | D:11     | Reached skill level 5 in Evocations
 10585 | D:11     | Killed a death yak
 10632 | D:11     | Noticed a death yak
 10632 | D:11     | Noticed a death yak
 10632 | D:11     | Noticed a death yak
 10632 | D:11     | Noticed a death yak
 10654 | D:11     | Killed a death yak
 10655 | D:11     | Reached skill level 5 in Dodging
 10662 | D:11     | Killed a death yak
 10666 | D:11     | Killed a death yak
 10677 | D:11     | Killed a death yak
 10781 | D:11     | Learned a level 2 spell: Wereblood
 11230 | D:14     | Identified the "Bikhlasar"
 11230 | Lair:1   | Entered Level 1 of the Lair of Beasts
 11448 | Lair:1   | Reached skill level 1 in Transmutations
 11469 | Lair:1   | Gained mutation: You are mostly covered in razor-sharp
                  | scales. (AC +2, Slay +2) [demonic ancestry]
 11469 | Lair:1   | Reached XP level 12. HP: 90/91 MP: 12/12
 12270 | Lair:2   | Reached skill level 13 in Long Blades
 12507 | Lair:2   | Identified the +6 spear of Codgh {freeze, +Blink Will+
                  | Str+2 Dex+3}
 12616 | Lair:2   | Found a hole to the Spider Nest.
 13402 | Lair:3   | Reached ***** piety under Wu Jian
 13427 | Lair:3   | Found a staircase to the Swamp.
 13475 | Lair:3   | Upgraded the game from 0.31-a0-983-g7b6862f502 to
                  | 0.31-a0-986-g5e6e4ef867
 13683 | Lair:3   | Noticed a four-headed hydra
 13694 | Lair:3   | Killed a one-headed hydra
 14106 | Lair:4   | Noticed a boulder beetle
 14139 | Lair:4   | Killed a boulder beetle
 14542 | Lair:4   | Gained mutation: You have a tail ending in a sharp stinger.
                  | [demonic ancestry]
 14542 | Lair:4   | Reached XP level 13. HP: 98/98 MP: 13/13
 14861 | Lair:4   | Found a viscous altar of Jiyva.
 14861 | Lair:4   | Found a staircase to the Slime Pits.
 15091 | Lair:5   | Entered Level 5 of the Lair of Beasts
 15096 | Lair:5   | Noticed Nessos
 15104 | Lair:5   | Killed Nessos
 15241 | Lair:5   | Noticed Kirke
 15768 | Lair:5   | Noticed a dire elephant
 16002 | Lair:5   | Killed Kirke
 16407 | Lair:5   | Reached skill level 5 in Transmutations
 16925 | Lair:5   | Reached ****** piety under Wu Jian
 16956 | Lair:5   | Gained mutation: A meltable icy envelope protects you from
                  | harm. (AC +0) [demonic ancestry]
 16956 | Lair:5   | Reached XP level 14. HP: 94/108 MP: 14/14
 17488 | Orc:1    | Entered Level 1 of the Orcish Mines
 17625 | Orc:1    | Paralysed by an orc sorcerer for 5 turns
 17629 | Orc:1    | Shot with a bolt by an orc warrior

Illustrated notes

Levels and vault maps discovered:
D:1:      spicycebolla_green_bress_n_ham_2, layout_basic, serial_shops,
          nicolae_shop_back_alley_shop
D:2:      layout_loops_ring, minmay_heptomino_o4
D:3:      layout_basic, mainiacjoe_overflow_small_starburst,
          chequers_ecumenical_altar_twisty
D:4:      layout_basic, gammafunk_ghost_cemetery
D:5:      layout_basic, temple_fountains, gup_ossuary_entry_pyramid,
          serial_shops, shop, nicolae_shop_real_fake_doors,
          nicolae_shop_peninsula, st_stairs_11, nrook_campfire, minmay_between,
          uniq_prince_ribbit1
D:6:      layout_loops_corners, nicolae_concentric_dashed_squares_mild
D:7:      layout_rooms, bloody_trog, nzn_random_ring
D:8:      layout_basic, amethyst_overflow_temple_binary,
          hangedman_decor_clover_reticule, uniq_erica
D:9:      layout_long_grid, fiery_altar_vehumet, david_orc_5
D:10:     kennysheep_kobold_lugonu_temple, layout_stronghold
D:11:     layout_basic, dpeg_lair_monsters, serial_shops,
          nicolae_shop_bloodbath_and_beyond, special_room [special_room_orc],
          chequers_serial_rivers_small_b
Temple:   minmay_crystal_spiral_temple
Lair:1:   layout_misc_corridors, nicolae_lair_lil_pond,
          chequers_serial_rivers_room_b, infiniplex_staircase_pool_2
Lair:2:   layout_small_grid, spider_nest_entry_webs, ldierk_geyser
Lair:3:   layout_loops_ring, mainiacjoe_swamp_entry_lozenge_pond,
          beast_lair_carwin_6
Lair:4:   layout_hall_layers, slime_entry_2, grunt_forest_stairs_basic,
          serial_bayou_shore_a, grunt_megastairs_2
Lair:5:   due_jungle_book, layout_concentric_octagons, uniq_nessos, uniq_kirke
Orc:1:    layout_caves, basic_altar

Skill      XL: |  1  2  3  4  5  6  7  8  9 10 11 12 13 |
---------------+----------------------------------------+-----
Long Blades    | 2 3 4 5 6 8 10 11 12 13 | 13.9
Armour         | 3 5 6 7 8 |  8.5
Shields        | 3 5 6 7 8 |  8.3
Evocations     | 2 4 5 7 8 |  8.4
Dodging        | 2 4 5 6 7 |  7.8
Fighting       | 4 5 7 8 9 |  9.3
Transmutations | 1 3 5 |  5.4

Action                     |  1- 3 |  4- 6 |  7- 9 | 10-12 | 13-15 || total
---------------------------+-------+-------+-------+-------+-------++-------
  Melee: Long sword        |   127 |    30 |       |       |       ||   157
         Scimitar          |       |   102 |   409 |   781 |   504 ||  1796
         Tailslap          |       |       |    24 |   111 |   111 ||   246
         Unarmed           |       |       |       |       |     1 ||     1
  Throw: Throwing net      |       |     1 |       |       |     1 ||     2
         Dart              |       |       |       |     3 |     2 ||     5
   Cast: Wereblood         |       |       |       |     1 |    11 ||    12
 Invoke: Serpent's Lash    |       |       |       |     2 |       ||     2
Ability: Lunge             |       |       |    12 |    46 |    22 ||    80
         Whirlwind         |       |       |     1 |    79 |    72 ||   152
  Evoke: Wand              |       |       |       |    13 |     1 ||    14
    Use: Potion            |       |     1 |       |     3 |     4 ||     8
         Scroll            |       |       |    16 |     9 |     5 ||    30
   Stab: Paralysed         |       |       |       |     7 |       ||     7
 Armour: Scale mail        |    77 |    64 |   120 |   224 |   163 ||   648
         Skin              |       |       |       |    16 |     4 ||    20
  Dodge: Dodged            |   101 |    94 |   138 |   239 |   173 ||   745
  Block: Buckler           |    28 |    27 |   249 |   385 |   220 ||   909
         Reflection        |       |       |       |    18 |     7 ||    25
         Other             |       |       |       |       |     3 ||     3

Table legend: (Time is in decaauts)
 A = Elapsed time spent in this place.
 B = Non-inter-level travel time spent in this place.
 C = Inter-level travel time spent in this place.
 D = Time resting spent in this place.
 E = Time spent auto-exploring this place.
 F = Levels seen in this place.
 G = Mean time per level.
                   A        B        C        D        E       F      G
               +--------+--------+--------+--------+--------+-----+--------+
         Total |  17448 |  16708 |    740 |   1081 |  12737 |  19 |  918.3 |
       Dungeon |  10773 |  10384 |    389 |    394 |   8267 |  11 |  979.4 |
        Temple |    174 |      2 |    172 |      0 |      0 |   1 |  174.0 |
          Lair |   6020 |   5842 |    178 |    524 |   4309 |   5 | 1204.0 |
  Orcish Mines |    134 |    134 |      0 |      0 |     83 |   1 |  134.0 |
       Ossuary |    345 |    345 |      0 |    163 |     78 |   1 |  345.0 |
               +--------+--------+--------+--------+--------+-----+--------+

Top non-repeatable levels by time:
  Lair:5: 1986 daAuts
    D:10: 1396 daAuts
    D:11: 1317 daAuts
     D:5: 1197 daAuts
  Lair:4: 1141 daAuts
  Lair:3: 1121 daAuts
     D:7: 1084 daAuts
     D:6: 980 daAuts
     D:4: 929 daAuts
     D:8: 928 daAuts
     D:9: 916 daAuts
  Lair:2: 899 daAuts
  Lair:1: 872 daAuts
     D:2: 695 daAuts
     D:1: 688 daAuts
